 Dungeon Crawl Stone Soup version 0.17-a0-2002-g92c7e20 (webtiles) character file.

282 inmateoo the Chucker (level 6, -11/37 HPs)
             Began as a Tengu Warper on Oct 9, 2015.
             Mangled by B1inky's ghost (14 damage)
             ... on level 4 of the Dungeon.
             The game lasted 00:07:34 (3436 turns).

inmateoo the Chucker (Tengu Warper)                 Turns: 3436, Time: 00:07:34

Health: -11/37     AC:  4    Str: 11    XL:     6   Next: 28%
Magic:  8/10       EV: 13    Int: 13    God:
Gold:   205        SH:  0    Dex: 16    Spells: 3 memorised, 4 levels left

rFire  . . .     SeeInvis +     i - +2 short sword (elec)
rCold  . . .     Clarity  .     b - +0 leather armour
rNeg   . . .     SustAt   .     (no shield)
rPois  .         Gourm    .     (helmet restricted)
rElec  .         Spirit   .     m - +0 cloak
rCorr  .         Warding  .     (no gloves)
rMut   .         Stasis   .     (boots unavailable)
MR     .....                    (no amulet)
Stlth  +.........               (no ring)
                                n - ring of see invisible

@: not resistant to hostile enchantments, very unstealthy
A: beak, talons 3, able to fly 1
a: Fly


You were on level 4 of the Dungeon.
You were hungry.

You visited 1 branch of the dungeon, and saw 4 of its levels.

You collected 205 gold pieces.

Inventory:

Hand Weapons
 i - a +2 short sword of electrocution (weapon)
 p - a +1 trident of pain
Missiles
 e - 3 tomahawks of dispersal (quivered)
Armour
 b - a +0 leather armour (worn)
 m - a +0 cloak (worn)
Jewellery
 n - a ring of see invisible (left hand)
Scrolls
 d - a scroll of blinking
 h - 3 scrolls of identify
 o - a scroll of recharging
Potions
 a - 2 potions of heal wounds
 g - a potion of curing
Books
 c - a book of Spatial Translocations

   Spells                             Type                      Level
   a - Apportation                    Translocation                1
   b - Blink                          Translocation                2
   c - Shroud of Golubria             Charms/Translocation         2
   d - Portal Projectile              Translocation                3
   e - Teleport Other                 Translocation                3
   f - Passage of Golubria            Translocation                4
Comestibles
 f - 2 bread rations
 k - a chunk of flesh
 l - a meat ration


   Skills:
 * Level 3.6 Fighting
 + Level 0.2 Short Blades
 - Level 3.3 Polearms
 * Level 3.6 Throwing
 + Level 2.1 Armour
 + Level 3.2 Dodging
 - Level 2.0 Spellcasting
 - Level 2.4 Translocations


You had 4 spell levels left.
You knew the following spells:

 Your Spells              Type           Power        Failure   Level  Hunger
a - Apportation           Tloc           #.........   14%         1    ##.....
b - Blink                 Tloc           N/A          21%         2    ###....
c - Shroud of Golubria    Chrm/Tloc      #.........   34%         2    ###....


Dungeon Overview and Level Annotations

Branches:
Dungeon (4/15)
 Temple: D:4-7

Altars:
Yredelemnul

Annotations:
D:4 B1inky's ghost, novice OpFi


Innate Abilities, Weirdness & Mutations

You have a beak for a mouth.
You have claws for feet.
You can fly.


Message History

B1inky's ghost hits you but does no damage.
You closely miss B1inky's ghost.
B1inky's ghost is moderately damaged.
Your shroud bends B1inky's ghost's attack away.
You hit B1inky's ghost.
There is a sudden explosion of sparks!
You claw B1inky's ghost. You peck B1inky's ghost.
B1inky's ghost is severely damaged.
Your shroud begins to fray at the edges.
B1inky's ghost hits you!
* * * LOW HITPOINT WARNING * * *
Your shroud falls apart!
You hit B1inky's ghost. You claw B1inky's ghost.
B1inky's ghost is almost destroyed.
B1inky's ghost hits you.
* * * LOW HITPOINT WARNING * * *
Unknown command.
You hit B1inky's ghost. You claw B1inky's ghost.
B1inky's ghost is almost destroyed.
B1inky's ghost hits you!
You die...

#####.##'##
......#...##
##.....##
##.......##
####.........#
...'.........+
###.........#
##.......##
##@W..(##
##...##
##.((((.
#).#### #..#
..# .) .#


You could see B1inky's ghost.

Vanquished Creatures
  A hound (D:4)
  Ijyb (D:2)
  A worker ant (D:4)
  Natasha (D:2)
  Robin (D:1)
  3 gnolls (D:2)
  2 adders
  An ooze (D:2)
  A worm (D:3)
  A giant gecko (D:1)
  12 orcs
  4 ball pythons
  6 bats
  2 giant cockroaches
  12 goblins
  11 hobgoblins
  12 jackals
  8 kobolds
  4 giant newts
  6 rats
90 creatures vanquished.

Notes
Turn   | Place    | Note
--------------------------------------------------------------
     0 | D:1      | inmateoo the Tengu Warper began the quest for the Orb.
     0 | D:1      | Reached XP level 1. HP: 12/12 MP: 4/4
   152 | D:1      | Reached XP level 2. HP: 17/17 MP: 6/6
   373 | D:1      | Reached XP level 3. HP: 3/21 MP: 5/7
  1067 | D:2      | Noticed Ijyb
  1081 | D:2      | Killed Ijyb
  1081 | D:2      | Reached XP level 4. HP: 22/27 MP: 8/8
  1095 | D:2      | Learned a level 2 spell: Blink
  1098 | D:2      | Learned a level 2 spell: Shroud of Golubria
  1298 | D:2      | Noticed Robin
  1758 | D:1      | Killed Robin
  1962 | D:2      | Noticed Natasha
  1969 | D:2      | Killed Natasha
  1969 | D:2      | Reached skill level 3 in Throwing
  1969 | D:2      | Gained mutation: You can fly. [Tengu growth]
  1969 | D:2      | Reached XP level 5. HP: 20/32 MP: 9/9
  2551 | D:3      | Found a basalt altar of Yredelemnul.
  3349 | D:4      | Reached XP level 6. HP: 24/37 MP: 10/10
  3423 | D:4      | Noticed B1inky's ghost (novice OpFi)
  3436 | D:4      | Mangled by B1inky's ghost

Vault maps used:
D:1:      ncdulo_smallfort
D:2:      uniq_natasha, uniq_robin, uniq_iyjb
D:3:      yredelemnul_altar_generic, first_bread, minmay_misc_feat_tower
D:4:      minmay_temple_entry_mist, uniq_duvessa, uniq_eustachio

Action                   |  1- 3 |  4- 6 || total
-------------------------+-------+-------++-------
Melee: Spear             |    72 |    60 ||   132
       Trident           |       |   124 ||   124
       Short sword       |       |    17 ||    17
Throw: Tomahawk          |    36 |    24 ||    60
       Throwing net      |       |     4 ||     4
 Cast: Apportation       |     2 |       ||     2
       Shroud of Golubri |       |     3 ||     3
       Blink             |       |     1 ||     1
  Use: Scroll            |       |     6 ||     6
  Eat: Chunk             |       |     8 ||     8
